[Event "*** SCC Grand Prix: Titled Tuesday Blitz"]
[Site "Chess.com"]
[Date "2020.07.21"]
[Round "2"]
[White "ljuks68"]
[Black "nitpicker"]
[Result "0-1"]
[WhiteElo "2428"]
[BlackElo "2237"]
[TimeControl "180+1"]
[EndTime "10:17:38 PDT"]
[Termination "nitpicker won on time"]

1. e4 c5 2. Nf3 Nc6 3. d4 cxd4 4.
Nxd4 Nf6 5. Nc3 d6 6. Bc4 Qb6 7.
Nb3 e6 8. Bg5 Be7 9. Bxf6 gxf6 10. Qh5 a6 11. Rf1 Ne5 12. Be2 O-O 13. f4 Ng6 14.
Rf3 f5 15. exf5 exf5 16. Nd5 Qg1+ 17. Kd2 Qxg2 18. Raf1 Bh4 19. Qh6 Be6 20. Rg3 Qxd5+ 21. Kc1 Bxg3 22. hxg3 Rfc8 23. Rh1 Nf8 24. Qg5+ Ng6 25.
Qh6 Qe4 26. Bd1 a5 27. Qxh7+ Kf8 28. Nd2 Qd5 29. Nf3 Qxa2 30. Ng5 Qa1+ 31. Kd2 Qxb2 32.
Nxe6+ Ke7 0-1

[Event "*** SCC Grand Prix: Titled Tuesday Blitz"]
[Site "Chess.com"]
[Date "2020.07.21"]
[Round "2"]
[White "gagtemp"]
[Black "profofchess"]
[Result "1-0"]
[WhiteElo "1976"]
[BlackElo "2348"]
[TimeControl "180+1"]
[EndTime "10:17:38 PDT"]
[Termination "gagtemp won on time"]

1. e4 e6 2. d4 d5 3. Nc3 Bb4 4.
e5 c5 5. a3 Bxc3+ 6. bxc3 Ne7 7. Qg4 cxd4 8. Bd3 dxc3 9. Ne2 Nbc6 10. Qxg7 Rg8 11. Qxh7 Nxe5 12. h4 Bd7 13. h5 Qc7 14.
Bf4 Nxd3+ 15. Qxd3 e5 16. Be3 d4 17. Bc1 O-O-O 18.
Ng3 f5 19. h6 Be6 20. h7 Rh8 21. Bg5 Bc4 22. Qd1 d3 23. cxd3 Bxd3 24. Qc1 c2 25. Ra2 f4 26. Bxe7 Qxe7 27. Ne2 Qc5 28. a4 Kb8 29. Ra1 Rd7 30. a5 Rdxh7 31. Rxh7 Rxh7 32. Kd2 Be4 33. a6 Rd7+ 34. Ke1 Rd1+ 35. Qxd1 cxd1=Q+ 36. Rxd1 1-0

[Event "*** SCC Grand Prix: Titled Tuesday Blitz"]
[Site "Chess.com"]
[Date "2020.07.21"]
[Round "2"]
[White "RoelandPruijssers"]
[Black "vladislavkovalev"]
[Result "0-1"]
[WhiteElo "2570"]
[BlackElo "2891"]
[TimeControl "180+1"]
[EndTime "10:17:40 PDT"]
[Termination "vladislavkovalev won on time"]

1. e4 e5 2. Nf3 Nc6 3. Bc4 Nf6 4.
d3 Bc5 5. O-O a6 6. c3 d6 7. Bb3 Ba7 8. Nbd2 h6 9. Re1 O-O 10.
Nf1 Re8 11. Ng3 Be6 12. Bc2 Ne7 13. d4 Ng6 14. h3 c6 15. Be3 b5 16. Qd2 Kh7 17.
a4 Qc7 18. Red1 Bb6 19. b4 Rad8 20. axb5 axb5 21. Ra6 Rb8 22. Nf5 exd4 23. N3xd4 Bc8 24. Bxh6 Bxd4 25. Bxg7 Be5 26. Qh6+ Kg8 27. Bh8 Ng4 28. hxg4 Bxh8 29. Nxd6 Bxa6 30. Bb3 Ne5 31. Qg5+ Kf8 32. Qh6+ Bg7 33. Qh7 Qe7 34. Nf5 Qg5 35. Rd6 Rbd8 36.
Rh6 Nxg4 37. Rh5 Qc1+ 0-1

[Event "*** SCC Grand Prix: Titled Tuesday Blitz"]
[Site "Chess.com"]
[Date "2020.07.21"]
[Round "2"]
[White "Undisputed92"]
[Black "vitnik2020"]
[Result "1-0"]
[WhiteElo "2628"]
[BlackElo "2312"]
[TimeControl "180+1"]
[EndTime "10:17:40 PDT"]
[Termination "Undisputed92 won on time"]

1. e4 e5 2. Nf3 Nc6 3. Bb5 a6 4. Ba4 Nf6 5. O-O Be7 6. Re1 d6 7. c4 Bg4 8. Nc3 O-O 9. Bxc6 bxc6 10. h3 Bh5 11. d3 Nd7 12. g4 Bg6 13. Be3 Re8 14.
Kg2 Nf8 15. Ne2 Ne6 16. Ng3 Bf6 17. Rh1 Nf4+ 18. Kf1 d5 19. b3 Qd7 20. Qd2 dxe4 21. dxe4 Qxd2 22. Bxd2 h5 23. Rc1 hxg4 24. hxg4 a5 25.
Nf5 Nd3 26. Rd1 Nc5 27. Re1 Red8 28. g5 Bxf5 29. exf5 e4 30. gxf6 exf3 31. Be3 Nd3 32. Rd1 Ne5 33. Rb1 Ng4 34. fxg7 1-0

[Event "*** SCC Grand Prix: Titled Tuesday Blitz"]
[Site "Chess.com"]
[Date "2020.07.21"]
[Round "2"]
[White "davidkalashian"]
[Black "CarlosAlbornoz"]
[Result "1-0"]
[WhiteElo "2541"]
[BlackElo "2791"]
[TimeControl "180+1"]
[EndTime "10:17:41 PDT"]
[Termination "davidkalashian won by resignation"]

1. d4 Nf6 2. c4 g6 3. Nc3 d6 4. e4 Bg7 5. Be2 O-O 6. Bg5 h6 7. Be3 c5 8. d5 e6 9. Nf3 exd5 10. exd5 Re8 11. O-O Nbd7 12. Bf4 Bf8 13. h3 Ne4 14. Nxe4 Rxe4 15. Bg3 Nf6 16. Bd3 Re8 17. Qc2 Nh5 18. Bh2 Qf6 19. Rae1 Bd7 20. Nd2 Qd8 21. Ne4 Bf5 22.
g4 Bxe4 23. Bxe4 Nf6 24. Bd3 Qd7 25. Bg3 Bg7 26. b3 a6 27. a4 h5 28. f3 hxg4 29.
hxg4 Qc7 30. Kg2 Nd7 31. Bxg6 fxg6 32. Qxg6 Ne5 33. Bxe5 dxe5 34. Rh1 Qe7 35. Rh5 Qf6 36. Qh7+ Kf7 37. Rf5 Rh8 38. Rxf6+ Kxf6 39. Qf5+ Ke7 40. Qe6+ Kf8 41. d6 Re8 42. Qf5+ Kg8 43. d7 Rd8 44.
Qe6+ Kf8 45. Rh1 Rxh1 46. Kxh1 b5 47. axb5 axb5 48. cxb5 Ra8 49. Qd6+ Kf7 50. d8=Q 1-0

[Event "*** SCC Grand Prix: Titled Tuesday Blitz"]
[Site "Chess.com"]
[Date "2020.07.21"]
[Round "2"]
[White "BocharovD"]
[Black "DishonorOnYourCow"]
[Result "1-0"]
[WhiteElo "2749"]
[BlackElo "2327"]
[TimeControl "180+1"]
[EndTime "10:17:41 PDT"]
[Termination "BocharovD won on time"]

1. e4 e5 2. Nf3 Nc6 3. Bb5 Nf6 4. d3 Bc5 5. Bxc6 dxc6 6. Nc3 O-O 7. h3 Nd7 8. Be3 f6 9. Qd2 Bxe3 10. Qxe3 Qe7 11.
O-O-O Nc5 12. d4 exd4 13. Nxd4 a5 14. g4 a4 15. a3 Re8 16. Rhe1 Ne6 17. f4 Nxd4 18.
Rxd4 b5 19. f5 c5 20. Rd2 b4 21. Nd5 Qf7 22. Qxc5 bxa3 23. bxa3 Bb7 24. Re3 c6 25.
Nb6 Rad8 26. Qc4 Qxc4 27. Nxc4 Rxd2 28. Kxd2 c5 29. e5 fxe5 30. Rxe5 Rd8+ 31. Kc3 Bg2 32. h4 Bf3 33. g5 Rc8 34. Nd6 Rd8 35. Ne4 Bxe4 36.
Rxe4 Rd1 37. Rxa4 Rf1 38. Re4 Rxf5 39. a4 Rf3+ 40. Kc4 Rf2 41. c3 Rc2 42. Kxc5 Rxc3+ 43. Rc4 Ra3 44. Kb6 Kf7 45. a5 h6 46. gxh6 gxh6 47. Rb4 Kg6 48. a6 Kh5 49. a7 Ra1 50. Kb7 Ra2 51. a8=Q 1-0

[Event "*** SCC Grand Prix: Titled Tuesday Blitz"]
[Site "Chess.com"]
[Date "2020.07.21"]
[Round "2"]
[White "mirochka"]
[Black "chigorin28"]
[Result "0-1"]
[WhiteElo "2168"]
[BlackElo "2419"]
[TimeControl "180+1"]
[EndTime "10:17:42 PDT"]
[Termination "chigorin28 won on time"]

1. e4 c5 2. d4 cxd4 3. c3 d5 4. exd5 Qxd5 5. cxd4 Nc6 6. Nf3 e5 7.
dxe5 Bb4+ 8. Nc3 Qxd1+ 9. Kxd1 Bg4 10. Bf4 O-O-O+ 11. Kc2 Bxf3 12. gxf3 Nd4+ 13. Kc1 Nxf3 14.
Bh3+ Kb8 15. e6+ Ka8 16. exf7 Nf6 17. Rd1 Nd4 18. Be5 Nc6 19. Bg3 Rxd1+ 20. Kxd1 Rf8 21. Nb5 Nd5 22. Be6 a6 23. Bxd5 axb5 24. Ke2 Nd4+ 25. Kd3 Nf5 26. Be5 Rd8 27. Ke4 Nd6+ 28. Kf3 Nf5 29.
Ke4 Nd6+ 30. Bxd6 Bxd6 31. Be6 Be7 32. Rc1 Kb8 33. Rc3 Rd6 34. Bb3 Rc6 0-1

[Event "*** SCC Grand Prix: Titled Tuesday Blitz"]
[Site "Chess.com"]
[Date "2020.07.21"]
[Round "2"]
[White "bascheyaro"]
[Black "LisikValera"]
[Result "1-0"]
[WhiteElo "2724"]
[BlackElo "2478"]
[TimeControl "180+1"]
[EndTime "10:17:43 PDT"]
[Termination "bascheyaro won on time"]

1. d4 d5 2. Bf4 Bf5 3. e3 e6 4. Nf3 Nf6 5. c4 Bxb1 6. Qxb1 Bb4+ 7. Kd1 Bd6 8. Bg3 Ne4 9. Qc2 c6 10. Bd3 f5 11. cxd5 exd5 12. Ne5 Nd7 13. Bxe4 fxe4 14. Nxc6 bxc6 15. Bxd6 Rc8 16. h4 Qf6 17. Ba3 Kf7 18. Rc1 Rhe8 19. Qe2 Qg6 20. Kd2 Kg8 21. h5 Qg5 22.
Rh3 Nf6 23. Bc5 Rc7 24. Bd6 Rb7 25. b3 Rb6 26. Bc7 Rb7 27. Bf4 Qf5 28. Rxc6 Qd7 29. Rc2 Rc8 30. Rg3 Rxc2+ 31. Kxc2 Rb6 32. Kb2 Rc6 33. Be5 Qc8 34. Rg5 Kf7 35. Bxf6 gxf6 36. Rxd5 Rc1 37. Qd2 Rg1 38. Rc5 Qg4 39. d5 Rxg2 40.
Rc7+ Kg8 41. d6 1-0

[Event "*** SCC Grand Prix: Titled Tuesday Blitz"]
[Site "Chess.com"]
[Date "2020.07.21"]
[Round "2"]
[White "silverback96"]
[Black "deep306"]
[Result "0-1"]
[WhiteElo "2257"]
[BlackElo "2577"]
[TimeControl "180+1"]
[EndTime "10:17:43 PDT"]
[Termination "deep306 won by checkmate"]

1. d4 d5 2. c4 e6 3. Nf3 c6 4. g3 dxc4 5. Bg2 Nf6 6. O-O b5 7. Ne5 Bb7 8. Nc3 a6 9. e4 Be7 10. f4 O-O 11. g4 c5 12. Be3 cxd4 13. Bxd4 Nc6 14. Nxc6 Bxc6 15. g5 Nd7 16. Qh5 Bc5 17. Bxc5 Nxc5 18. Rf3 Nd3 19. Raf1 g6 20. Qh6 Qd4+ 21.
Kh1 Qg7 22. Qh4 b4 23. Ne2 Bxe4 24. Rh3 Bxg2+ 25. Kxg2 Rfd8 26. Ng3 Rd4 27. Qg4 Rad8 28.
Rh6 e5 29. Ne2 Nxf4+ 30. Nxf4 Rxf4 31. Rxf4 exf4 32. Qe2 c3 33. Qe7 Qf8 34. Qe5 c2 35. Qe1 Rd1 36. Qh4 c1=Q 37. Rxh7 Qd2+ 38. Kh3 Qe3+ 39.
Kg4 Qc8# 0-1

[Event "*** SCC Grand Prix: Titled Tuesday Blitz"]
[Site "Chess.com"]
[Date "2020.07.21"]
[Round "2"]
[White "Jungle_Jaguar"]
[Black "Duhless"]
[Result "0-1"]
[WhiteElo "2590"]
[BlackElo "2958"]
[TimeControl "180+1"]
[EndTime "10:17:44 PDT"]
[Termination "Duhless won on time"]

1. e4 g6 2. d4 Bg7 3. Nc3 d6 4. Nf3 Nf6 5. Be2 O-O 6. O-O a6 7. a4 Nc6 8. h3 b6 9. Re1 e6 10. Bg5 h6 11. Be3 Bb7 12. Qd2 Kh7 13. Rad1 Ne7 14.
Bd3 d5 15. e5 Ne4 16. Qc1 Qe8 17. Bxe4 dxe4 18. Nd2 Nf5 19. Ndxe4 Bxe4 20. Nxe4 Qxa4 21. c3 Qc6 22. Bf4 a5 23. f3 a4 24. Kh2 Ne7 25. Bg3 b5 26. Bh4 Nd5 27. Nc5 Ra7 28. c4 bxc4 29.
Qxc4 Rb8 30. Ra1 Rxb2 31. Rxa4 Rxa4 32. Qxa4 Qxa4 33. Nxa4 Rb4 34. Nc5 Rxd4 35. Bf2 Rd2 36. Bg3 Rc2 37. Nb7 h5 38. h4 Bh6 39. Nd8 Kg7 40. Kh3 Rd2 41. Nc6 Bf4 42. Re4 Bxg3 43. Kxg3 Rc2 44. Nd8 Kf8 45. Ra4 Ke7 46. Nb7 Ne3 47. Kh3 Nxg2 48. Na5 Ne3 49. Re4 Nf1 0-1

[Event "*** SCC Grand Prix: Titled Tuesday Blitz"]
[Site "Chess.com"]
[Date "2020.07.21"]
[Round "2"]
[White "OnePeculiarConundrum"]
[Black "BilguunSu"]
[Result "1-0"]
[WhiteElo "2349"]
[BlackElo "2601"]
[TimeControl "180+1"]
[EndTime "10:17:45 PDT"]
[Termination "OnePeculiarConundrum won by resignation"]

1. e4 c5 2. Nf3 e6 3. g3 Nc6 4.
Bg2 Nf6 5. Qe2 e5 6. O-O d6 7. d3 h6 8. h3 Be7 9. c3 O-O 10. Rd1 Re8 11. d4 exd4 12. cxd4 Bf8 13. Nc3 d5 14. dxc5 d4 15. e5 Bxc5 16. Qb5 Nd7 17.
Ne4 Qb6 18. Qxb6 axb6 19. Bf4 Ndxe5 20. Nxe5 Nxe5 21. a3 Bf5 22. Rac1 Nf3+ 23. Bxf3 Bxe4 24. Bxe4 Rxe4 25. Rc2 g5 26. Bc1 Rae8 27. b4 Re1+ 28. Rxe1 Rxe1+ 29. Kg2 d3 30. Rd2 Rxc1 31. bxc5 bxc5 32.
Rxd3 Kg7 33. Rd7 b5 34. Rb7 Rb1 35. Rc7 c4 36. Rc5 Rb3 37. h4 g4 38. h5 Rb2 39.
Kf1 Rb1+ 40. Ke2 Rb2+ 41. Ke1 Rb3 42. Ke2 Rxa3 43. Rxb5 Ra2+ 44. Ke3 c3 45. Rc5 c2 46. Kf4 Ra4+ 47. Ke3 Ra3+ 48. Kd2 Ra5 49. Rxa5 1-0

[Event "*** SCC Grand Prix: Titled Tuesday Blitz"]
[Site "Chess.com"]
[Date "2020.07.21"]
[Round "2"]
[White "WeAintSurePal"]
[Black "vova-79"]
[Result "1-0"]
[WhiteElo "2284"]
[BlackElo "2488"]
[TimeControl "180+1"]
[EndTime "10:17:45 PDT"]
[Termination "WeAintSurePal won on time"]

1. d4 d5 2. Bf4 Nf6 3. e3 c5 4. c3 Nc6 5. Nd2 cxd4 6. exd4 Bf5 7. Ngf3 e6 8. Bb5 Bd6 9. Ne5 Bxe5 10. Bxe5 O-O 11. Bg3 Qb6 12. Bxc6 bxc6 13. Nb3 Nd7 14. O-O a5 15. Qe2 a4 16. Nc1 c5 17. dxc5 Nxc5 18. Be5 Qa6 19. Qxa6 Rxa6 20. b4 Ne4 21. Bd4 Rc8 22. Ne2 f6 23. f3 Nd6 24.
Rfd1 Nc4 25. Bc5 Nb2 26. Rd2 Nd3 27. Be3 Ne5 28. Bc5 Nc4 29. Rdd1 Nb2 30. Rd2 a3 31. Nd4 Bg6 32. Re1 e5 33. Nb5 Bf7 34. Nd6 Rd8 35.
Nxf7 Kxf7 36. b5 Ra5 37. Bxa3 Nc4 38. Bb4 Rxb5 39. Rd3 1-0

[Event "*** SCC Grand Prix: Titled Tuesday Blitz"]
[Site "Chess.com"]
[Date "2020.07.21"]
[Round "2"]
[White "saisree"]
[Black "harlem4brew"]
[Result "1-0"]
[WhiteElo "2405"]
[BlackElo "2120"]
[TimeControl "180+1"]
[EndTime "10:17:46 PDT"]
[Termination "saisree won by checkmate"]

1. Nf3 d5 2. e3 c5 3. b3 Nc6 4. Bb2 Nf6 5. d4 cxd4 6. exd4 Bg4 7. Nbd2 Ne4 8. h3 Bh5 9. g4 Bg6 10. Ne5 Nxe5 11. dxe5 Qb6 12. Nxe4 Bxe4 13. Rg1 e6 14. Bd3 Bc5 15. Qe2 Bxd3 16. cxd3 Qb4+ 17. Kf1 Qf4 18. Rg3 Qb4 19. Kg2 Qb6 20. d4 Be7 21. Rc1 Bg5 22.
Rc2 O-O 23. Qd1 Rac8 24. Rgc3 Rb8 25. Kg3 Qd8 26. f4 Bh4+ 27. Kg2 f6 28. Ba3 Rf7 29.
Bd6 Ra8 30. Qc1 fxe5 31. Rc8 exf4 32. Rxa8 f3+ 33. Kf1 h5 34. Rxd8+ Bxd8 35. Rc8 hxg4 36. Rxd8+ Kh7 37. hxg4 Kg6 38. Re8 Rf6 39. Be5 Rf7 40. Rxe6+ Kh7 41. Qg5 Kg8 42. Re8+ Kh7 43. Qh5# 1-0

[Event "*** SCC Grand Prix: Titled Tuesday Blitz"]
[Site "Chess.com"]
[Date "2020.07.21"]
[Round "2"]
[White "ajdemipopushi"]
[Black "BeanScreen"]
[Result "1-0"]
[WhiteElo "2335"]
[BlackElo "2686"]
[TimeControl "180+1"]
[EndTime "10:17:47 PDT"]
[Termination "ajdemipopushi won by checkmate"]

1. Nf3 d5 2. g3 Nf6 3. c4 dxc4 4.
Bg2 c6 5. O-O Bf5 6. Na3 b5 7.
b3 cxb3 8. Qxb3 Nbd7 9. d3 e6 10.
Nd4 a6 11. Nxc6 Qb6 12. Be3 Bc5 13. Bxc5 Nxc5 14. Qb2 Rc8 15. Nc4 Qc7 16. N4e5 O-O 17. Rac1 Qb6 18. Qd4 Ncd7 19. Ne7+ Kh8 20. Qxb6 Nxb6 21.
Nxc8 Nxc8 22. Bb7 Nd6 23. Bxa6 Ra8 24. Rc6 Nfe8 25. Rb1 f6 26. Nf3 e5 27. Bxb5 Bd7 28. Rxd6 Bxb5 29. Rb6 Bd7 30. R1b2 Kg8 31. Rb8 Ra3 32.
Nd2 Kf7 33. f3 Nd6 34. R8b6 Nf5 35. Nc4 Kg6 36. Nxa3 Ne3 37. Nc4 Nd1 38. Rb7 Bh3 39.
a4 h5 40. a5 e4 41. fxe4 h4 42. gxh4 Kh5 43. a6 Kxh4 44. a7 g5 45. a8=Q Kg4 46. Qh8 Nc3 47. Qxf6 Bf1 48. Qf3+ Kh4 49. Rh7# 1-0

[Event "*** SCC Grand Prix: Titled Tuesday Blitz"]
[Site "Chess.com"]
[Date "2020.07.21"]
[Round "2"]
[White "Ermito2020"]
[Black "gena217"]
[Result "0-1"]
[WhiteElo "2580"]
[BlackElo "2910"]
[TimeControl "180+1"]
[EndTime "10:17:48 PDT"]
[Termination "gena217 won on time"]

1. e4 c6 2. d4 d5 3. e5 Bf5 4.
Nf3 e6 5. Be2 Ne7 6. O-O c5 7.
c4 Nbc6 8. Nc3 dxc4 9. dxc5 Nd5 10. Nd4 Nxc3 11. bxc3 Bxc5 12. Nxf5 exf5 13. Bf4 O-O 14. Bxc4 Qe7 15. Qc2 g6 16. e6 f6 17. Rad1 Rfd8 18.
Rd7 Rxd7 19. exd7+ Kg7 20. Rd1 Rd8 21. Qd2 Ne5 22. Bxe5 fxe5 23. Qd5 e4 24. h3 e3 25. fxe3 Qxe3+ 26. Kh1 b6 27. Qf7+ Kh6 28. Be6 Qxc3 29. Qe8 Qf6 30. Rf1 Kg7 31. g4 f4 32. Kg2 Qb2+ 33. Kh1 Qf6 34. Kg2 f3+ 35. Rxf3 Qb2+ 36. Kf1 Qc1+ 37. Ke2 Qc2+ 38. Kf1 Qd1+ 39. Kg2 Qe2+ 0-1

[Event "*** SCC Grand Prix: Titled Tuesday Blitz"]
[Site "Chess.com"]
[Date "2020.07.21"]
[Round "2"]
[White "ThePatrick27"]
[Black "Sam_ChessMood"]
[Result "0-1"]
[WhiteElo "2535"]
[BlackElo "2817"]
[TimeControl "180+1"]
[EndTime "10:17:48 PDT"]
[Termination "Sam_ChessMood won by resignation"]

1. d4 d5 2. c4 c6 3. Nf3 Nf6 4. Nc3 dxc4 5. a4 Bf5 6. e3 e6 7. Bxc4 Bb4 8. O-O O-O 9. Qe2 Bg6 10. Ne5 Nbd7 11. Nxg6 hxg6 12. Rd1 Qe7 13. e4 e5 14. d5 a5 15. f3 Rac8 16. dxc6 bxc6 17. Be3 Rb8 18.
Rac1 Rfd8 19. Bf2 Bc5 20. Ba2 Bxf2+ 21. Qxf2 Nc5 22. Rxd8+ Rxd8 23. Rd1 Nxa4 24. Rxd8+ Qxd8 25. Nxa4 Qd1+ 26. Qf1 Qxa4 27. Qc4 Qxc4 28. Bxc4 g5 29. Kf2 Nd7 30. Ke3 Kf8 31. g3 Ke7 32. Kd3 f6 33. h3 Kd6 34. Bg8 Kc5 35. Kc3 Nb6 36. b3 Nc8 37.
Be6 Nd6 38. Bg8 Nb5+ 39. Kd3 Nd4 40. Ke3 Kb4 41. f4 gxf4+ 42. gxf4 Nxb3 43. fxe5 fxe5 44.
Kd3 a4 45. Kc2 c5 46. h4 c4 47. h5 a3 48. Kb1 Nd2+ 49. Ka2 Nxe4 50. Bd5 Nf6 0-1

[Event "*** SCC Grand Prix: Titled Tuesday Blitz"]
[Site "Chess.com"]
[Date "2020.07.21"]
[Round "2"]
[White "124chess"]
[Black "PlotnikovPavel"]
[Result "1-0"]
[WhiteElo "2683"]
[BlackElo "2456"]
[TimeControl "180+1"]
[EndTime "10:17:48 PDT"]
[Termination "124chess won on time"]

1. e4 e6 2. d4 d5 3. e5 Ne7 4.
c3 Nf5 5. Bd3 c5 6. Ne2 Nc6 7. Bxf5 exf5 8. Nd2 Be6 9. Nf3 cxd4 10.
Nexd4 Be7 11. O-O O-O 12. Re1 h6 13. Be3 a6 14. a4 Qd7 15. Nxc6 bxc6 16. b4 a5 17. Bc5 Rfb8 18. Qd4 Bd8 19. Reb1 g5 20. Bd6 Rb7 21. Qd2 f4 22. Nd4 Bf5 23. Nxf5 Qxf5 24. b5 Qd7 25. Qd3 Raa7 26. Bc5 Bb6 27. bxc6 Qxc6 28.
Bxb6 Rxb6 29. Rxb6 Qxb6 30. Qxd5 Rb7 31. h3 Rb8 32.
Rd1 Rc8 33. c4 Qc6 34. Qxa5 Qxc4 35. Rd8+ Rxd8 36. Qxd8+ Kg7 37. Qf6+ Kh7 38. Kh2 Qa2 39. f3 1-0

[Event "*** SCC Grand Prix: Titled Tuesday Blitz"]
[Site "Chess.com"]
[Date "2020.07.21"]
[Round "2"]
[White "sotochess"]
[Black "esrosenberg"]
[Result "1-0"]
[WhiteElo "2431"]
[BlackElo "2200"]
[TimeControl "180+1"]
[EndTime "10:17:49 PDT"]
[Termination "sotochess won on time"]

1. e4 e5 2. Nf3 Nc6 3. Bc4 Nf6 4.
Ng5 d5 5. exd5 Na5 6. Bb5+ c6 7. dxc6 bxc6 8. Bd3 Nd5 9. Nf3 Bd6 10. O-O O-O 11. Re1 f5 12. Nxe5 Qf6 13. Nc4 Nxc4 14. Bxc4 Bxh2+ 15. Kxh2 Qh4+ 16. Kg1 Qxc4 17. d4 f4 18. b3 Qa6 19. c4 f3 20. Ba3 c5 21.
Bxc5 Qg6 22. g3 Nf4 23. Bxf8 Ne2+ 24. Rxe2 fxe2 25. Qxe2 Bb7 26. Ba3 Re8 27. Qf1 Qe4 28. d5 Re5 29. Nc3 Qf3 30. Re1 Qxc3 31. Rxe5 Qxe5 32.
Qd1 h5 33. Bc5 h4 34. gxh4 a5 35. Be3 a4 36. Qg4 Qa1+ 37. Kh2 Qxa2 38. Qe6+ Kh7 39. Qf5+ Kg8 40. Qe6+ Kh7 41. Qe4+ Kg8 42. bxa4 Qxa4 43. h5 Qd7 44. Bd4 Bc8 45. Qg2 Qc7+ 46. Kg1 Qd7 47.
h6 g6 48. Qxg6+ Kf8 49. Bc5+ 1-0

[Event "*** SCC Grand Prix: Titled Tuesday Blitz"]
[Site "Chess.com"]
[Date "2020.07.21"]
[Round "2"]
[White "tylityli"]
[Black "if_name_main_a"]
[Result "0-1"]
[WhiteElo "2130"]
[BlackElo "2407"]
[TimeControl "180+1"]
[EndTime "10:17:49 PDT"]
[Termination "if_name_main_a won by resignation"]

1. d4 Nf6 2. c4 e6 3. Nc3 Bb4 4. e3 b6 5. Ne2 Ne4 6. Qc2 Bb7 7. a3 Bxc3+ 8. Nxc3 Nxc3 9. Qxc3 O-O 10. Bd3 Bxg2 11. Rg1 Bf3 12. Rg3 Bh5 13. e4 d6 14. Bg5 Qe8 15. f3 Nc6 16. O-O-O e5 17. d5 Ne7 18.
Rdg1 Bg6 19. h4 f6 20. Be3 Kh8 21. f4 exf4 22. Bxf4 Rg8 23. Kb1 Qf7 24. Rh1 Bh5 25.
Rhg1 Ng6 26. Be3 Nxh4 27. Rh3 Nf3 28. Rgh1 g6 29. Be2 Qe7 30. Bxf3 Bxf3 31. Rxf3 Qxe4+ 32. Ka2 Qxf3 33. Rh2 Rae8 34. Bd4 Qxc3 35. Bxc3 Rgf8 36. Rf2 Kg7 37. b4 Re4 38. Kb3 h5 39. a4 h4 40. a5 g5 41. Rg2 g4 42. Kc2 h3 43. Rh2 Rfe8 44. Kd3 Re3+ 45. Kd2 Re2+ 46. Rxe2 Rxe2+ 47. Kxe2 h2 0-1

[Event "*** SCC Grand Prix: Titled Tuesday Blitz"]
[Site "Chess.com"]
[Date "2020.07.21"]
[Round "2"]
[White "ajian"]
[Black "MihailNik"]
[Result "0-1"]
[WhiteElo "2422"]
[BlackElo "2672"]
[TimeControl "180+1"]
[EndTime "10:17:50 PDT"]
[Termination "MihailNik won on time"]

1. Nf3 Nf6 2. b3 d5 3. Bb2 Bf5 4. e3 e6 5. c4 c6 6. Be2 h6 7.
O-O Nbd7 8. Nc3 Bd6 9. Rc1 O-O 10. d4 Qe7 11. Bd3 Bg4 12. h3 Bh5 13. Be2 Rae8 14.
Ne5 Bxe2 15. Nxe2 Bxe5 16. dxe5 Ne4 17. f3 Ng5 18. Nf4 Rd8 19. Qe2 dxc4 20. Rxc4 Nb6 21. Rd4 Nd5 22. Nxd5 exd5 23. Rd2 Rfe8 24. Rc1 Ne6 25. f4 g6 26. Qg4 h5 27. Qg3 Ng7 28.
Qf3 h4 29. Rcd1 Nf5 30. e4 dxe4 31. Qxe4 Ng3 32. Qc4 Rxd2 33. Rxd2 Rd8 34. Bc3 Rxd2 35. Bxd2 Qd7 36. Qc2 Qd5 37. Be1 Nf5 38. Bf2 b6 39.
Kh2 c5 40. Qe2 Kf8 41. Qg4 Qd8 42. Qf3 Kg7 43. Qg4 Kg8 44. Be1 Qe7 45. Bc3 Qe6 46.
Be1 b5 47. Bxh4 c4 48. bxc4 bxc4 49. Bf6 c3 50. Qd1 Qc8 51. Qd3 c2 0-1

[Event "*** SCC Grand Prix: Titled Tuesday Blitz"]
[Site "Chess.com"]
[Date "2020.07.21"]
[Round "2"]
[White "FeketeBarika"]
[Black "Agibileg"]
[Result "1-0"]
[WhiteElo "2169"]
[BlackElo "2401"]
[TimeControl "180+1"]
[EndTime "10:17:51 PDT"]
[Termination "FeketeBarika won by checkmate"]

1. Nf3 c5 2. g3 e6 3. Bg2 Nf6 4. O-O Be7 5. d4 cxd4 6. Nxd4 O-O 7. c4 Nc6 8. Nc3 Ne5 9. b3 d6 10. Bb2 a6 11. Qd2 Qc7 12. Rad1 Bd7 13. Rfe1 Bc6 14. e4 Rfd8 15. h3 Rac8 16. f4 Ned7 17. Kh2 Bf8 18.
f5 e5 19. Nde2 b5 20. cxb5 axb5 21. Ba3 d5 22. Bxf8 Nxf8 23. exd5 b4 24. Ne4 Nxd5 25. f6 Nxf6 26. Nxf6+ gxf6 27. Qxb4 Bxg2 28. Kxg2 Qc6+ 29. Kh2 Qc2 30. Rxd8 Rxd8 31. Qg4+ Ng6 32. h4 f5 33. Qg5 Rd2 34. Qh5 Qxa2 35. Kh3 f4 36. Qg4 Qxb3 37. h5 f3 38. hxg6 hxg6 39. Nc1 Qd5 40. Qg5 f2 41. Rf1 Qf3 42. Qxd2 e4 43. Qxf2 Qh5+ 44. Kg2 Qd5 45. Qe3 Kg7 46. Re1 f5 47. Ne2 Qa2 48.
Qd4+ Kf7 49. Kg1 Qb3 50. Rc1 Kg8 51. Rc8+ Kh7 52. Rc7+ Kh6 53. Qh8+ Kg5 54. Qh4# 1-0

[Event "*** SCC Grand Prix: Titled Tuesday Blitz"]
[Site "Chess.com"]
[Date "2020.07.21"]
[Round "2"]
[White "ChronicUnhappiness"]
[Black "rududuyk"]
[Result "1/2-1/2"]
[WhiteElo "2373"]
[BlackElo "2070"]
[TimeControl "180+1"]
[EndTime "10:17:51 PDT"]
[Termination "Game drawn by repetition"]

1. d4 e6 2. c4 f5 3. Nf3 Nf6 4. g3 Be7 5. Bg2 O-O 6. O-O d6 7. Nc3 Ne4 8. Qc2 Nxc3 9. Qxc3 a5 10. b3 Nc6 11. Bb2 Bf6 12. e3 e5 13. dxe5 dxe5 14. Rad1 Qe8 15. Qc1 Be6 16. h4 Qh5 17. Qa1 f4 18. exf4 exf4 19. Bxf6 Rxf6 20. Ng5 f3 21. Bh1 Nb4 22. Rfe1 Nc2 23. Qc3 Nxe1 24. Rxe1 Bg4 25.
Qe5 h6 26. Qd5+ Kh8 27. Qxb7 Raf8 28. Ne4 Re6 29. Rc1 Rfe8 30. Nc3 Re1+ 31. Rxe1 Rxe1+ 32. Kh2 Qe8 33. Bxf3 Bxf3 34. Qxf3 Qe5 35. Nd5 Qa1 36. Qf8+ Kh7 37. Qf5+ Kh8 38. Nf4 Rh1+ 39. Kg2 Qf1+ 40.
Kf3 Qd1+ 41. Ne2 Re1 42. Qf8+ Kh7 43. Qf5+ Kh8 44. Qc8+ Kh7 45. Qf5+ Kh8 1/2-1/2

[Event "*** SCC Grand Prix: Titled Tuesday Blitz"]
[Site "Chess.com"]
[Date "2020.07.21"]
[Round "2"]
[White "capatl"]
[Black "Panterov"]
[Result "1/2-1/2"]
[WhiteElo "2403"]
[BlackElo "2150"]
[TimeControl "180+1"]
[EndTime "10:17:52 PDT"]
[Termination "Game drawn by agreement"]

1. c4 c5 2. Nc3 Nc6 3. g3 b6 4.
Bg2 Bb7 5. Nf3 g6 6. O-O Bg7 7.
d3 e6 8. Bd2 Nge7 9. Qc1 O-O 10.
Bh6 Re8 11. Ne4 d5 12. Nc3 Bh8 13. Bg5 Qd7 14. Rb1 dxc4 15. dxc4 Nd4 16. Nxd4 cxd4 17. Ne4 Bxe4 18. Bxe4 Rac8 19. b3 Nf5 20. Rd1 e5 21.
Qa3 Nd6 22. Bd5 Bg7 23. Bd2 e4 24. Bf4 Nf5 25. Rbc1 e3 26. fxe3 Nxe3 27. Bxe3 Rxe3 28. Rc2 Kh8 29. Rf1 f5 30. Rd2 Rce8 31. Rf2 h5 32.
Qc1 Qd6 33. Qd1 Qc5 34. Kg2 R8e5 35. Bf3 Re8 36. Rd3 Qe5 37. Rxe3 dxe3 38. Rf1 Qe7 39. Qd3 Rd8 40. Bd5 Qe5 41. Rf3 Bh6 42. a4 a5 43. Rf1 Bg7 44. Rd1 Qc3 45. Qxc3 Bxc3 46. Rd3 Bd2 47. Kf3 Kg7 48. Bc6 Rxd3 49. exd3 Kf6 50. d4 g5 51. Ke2 f4 52. Be8 fxg3 53.
hxg3 h4 54. gxh4 gxh4 55. Bd7 Ke7 56. Bh3 Kd6 57. Kf3 Bc1 58. Bf1 Bd2 59. Ke2 Bc1 60. Kd3 Bd2 61. Bh3 Bc1 62. Bg2 1/2-1/2

[Event "*** SCC Grand Prix: Titled Tuesday Blitz"]
[Site "Chess.com"]
[Date "2020.07.21"]
[Round "2"]
[White "Thee-Chessboy"]
[Black "AlexVanGog"]
[Result "0-1"]
[WhiteElo "2528"]
[BlackElo "2814"]
[TimeControl "180+1"]
[EndTime "10:17:53 PDT"]
[Termination "AlexVanGog won by resignation"]

1. d4 Nf6 2. c4 g6 3. Nf3 Bg7 4. g3 c6 5. Bg2 d5 6. cxd5 cxd5 7. O-O O-O 8. Ne5 Ne4 9. Nc3 Nxc3 10. bxc3 Be6 11.
Qb3 Nc6 12. Nxc6 bxc6 13. Qa4 Qc8 14. Ba3 Re8 15. Rab1 Bd7 16. Bc5 e5 17. e3 Bf5 18.
Rb4 Bd3 19. Rd1 e4 20. Bf1 Bxf1 21. Rxf1 h5 22. Rfb1 h4 23. Rb7 Qf5 24. Qd1 hxg3 25. hxg3 Bf8 26. Bxf8 Rxf8 27. Kg2 Kg7 28. g4 Qf6 29. f4 Rh8 30. Qe1 Rh7 31. Rb8 Rxb8 32.
Rxb8 Qe7 33. Qg3 Qc7 34. f5 Qxg3+ 35. Kxg3 gxf5 36. gxf5 Kf6 37. Rc8 Kxf5 38. Rxc6 Rg7+ 39. Kf2 Rh7 40. Rd6 Rh2+ 41. Ke1 Rxa2 42. Rxd5+ Kg4 43.
Rd7 Kf3 44. Rxf7+ Kxe3 45. Kd1 Kd3 46. Kc1 e3 47. Re7 e2 48. Kb1 Rd2 49. d5 Rd1+ 50. Kb2 e1=Q 51. Rxe1 Rxe1 0-1